[Event "Titled Tuesday Blitz July 20 2021"]
[White "Hebden, Mark L"]
[Black "DieHardCuban"]
[WhiteFideId "400084"]
[WhiteElo "2457"]
[BlackElo "2466"]
[Result "1-0"]
[Round "09"]
[TimeControl "180+1"]
[Date "2021.07.21"]
[WhiteClock "0:00:13"]
[BlackClock "0:00:02"]

1. d4 Nf6 2. Nf3 d5 3. c4 e6 4. Bg5 c6 5. Nbd2 Qa5 6. Bxf6 gxf6 7. e3 Nd7 8. a3 f5 9. Bd3 Rg8 10. O-O Qc7 11. g3 Bd6 12. Qe2 Nf6 13. Rac1 Qe7 14. Ne5 Bxe5 15. dxe5 Nd7 16. f4 Nc5 17. Nf3 Bd7 18. cxd5 cxd5 19. b4 Nxd3 20. Qxd3 Kf8 21. Nd4 Qd8 22. Rc2 h5 23. Rg2 Rc8 24. Nf3 Qb6 25. Qd4 Qa6 26. Ng5 Qxa3 27. Nh7+ Ke7 28. Nf6 Rc4 29. Nxg8+ Kf8 30. Qa1 Qxe3+ 31. Rgf2 Kxg8 32. Re1 Qb6 33. Qa5 Rxb4 34. Qxb6 Rxb6 35. Ra2 a6 36. Rc1 Bc6 37. Rcc2 Rb4 38. Kg2 Rd4 39. Kh3 Kg7 40. Kh4 Kg6 41. Rab2 Rc4 42. Rd2 b5 43. Ra2 Bb7 44. Rdb2 b4 45. Ra4 d4 46. Raxb4 Bd5 47. Rxc4 Bxc4 48. Rb4 Bd5 49. Rxd4 Kg7 50. Ra4 Bb7 51. Rb4 Bc6 52. Kxh5 a5 53. Rb6 Be8 54. Kg5 a4 55. Ra6 Bd7 56. Ra7 Bb5 57. h3 Be8 58. g4 fxg4 59. hxg4 Bb5 60. f5 exf5 61. gxf5 Be8 62. e6 Kf8 63. Kf6 fxe6 64. fxe6 Kg8 65. Ra8 Kh7 66. Rxe8 a3 67. Ra8 1-0


[Site "https://www.chess.com"]

[Event "Titled Tuesday Blitz July 20 2021"]
[White "Hryshchenko, Kamila"]
[Black "Arnold, Ken"]
[WhiteFideId "14147491"]
[BlackFideId "2056836"]
[WhiteElo "1966"]
[BlackElo "2460"]
[Result "0-1"]
[Round "09"]
[TimeControl "180+1"]
[Date "2021.07.21"]
[WhiteClock "0:00:01"]
[BlackClock "0:00:34"]

1. e4 c6 2. d4 d5 3. f3 dxe4 4. fxe4 e5 5. Nf3 Bg4 6. Bc4 Nd7 7. O-O Ngf6 8. Qe1 Bd6 9. Bg5 O-O 10. Nbd2 Bh5 11. Qh4 Bg6 12. Rae1 Qc7 13. dxe5 Bxe5 14. Nxe5 Qxe5 15. c3 h6 16. Bf4 Qc5+ 17. Be3 Qh5 18. Qg3 Qg4 19. Qd6 Nxe4 20. Nxe4 Bxe4 21. Rf2 Nb6 22. Be2 Qg6 23. Qxg6 Bxg6 24. Bf3 Rfe8 25. Rfe2 Bd3 26. Rd2 Bc4 27. b3 Bd5 28. c4 Bxf3 29. gxf3 Rad8 30. Rde2 Rd7 31. Kf2 Rde7 32. Bc5 Rxe2+ 33. Rxe2 Rxe2+ 34. Kxe2 f6 35. Kd3 Kf7 36. Ke4 Ke6 37. f4 f5+ 38. Kd4 g6 39. h4 h5 40. a4 Nc8 41. a5 b6 42. axb6 axb6 43. Ba3 c5+ 44. Kd3 Nd6 45. Bc1 Ne4 46. Be3 Nf6 47. Ke2 Kd6 48. Bd2 Ne4 49. Be3 Nc3+ 50. Kd3 Na2 0-1


[Site "https://www.chess.com"]

[Event "Titled Tuesday Blitz July 20 2021"]
[White "Indjic, Aleksandar"]
[Black "Jarovinsky, Alexey"]
[WhiteFideId "911925"]
[BlackFideId "14115131"]
[WhiteElo "2643"]
[BlackElo "2446"]
[Result "1-0"]
[Round "09"]
[TimeControl "180+1"]
[Date "2021.07.20"]
[WhiteClock "0:02:12"]
[BlackClock "0:00:48"]

1. d4 Nc6 2. d5 Ne5 3. e4 e6 4. f4 Ng6 5. c4 Bb4+ 6. Bd2 Bxd2+ 7. Qxd2 exd5 8. cxd5 d6 9. Nc3 Nf6 10. Bd3 O-O 11. Nge2 c6 12. dxc6 bxc6 13. O-O Qb6+ 14. Kh1 Ng4 15. Ng3 Rb8 16. b3 Qd8 17. h3 Qh4 18. Nf5 Bxf5 19. exf5 Ne7 20. Qe1 Qf6 21. hxg4 Nd5 22. Nxd5 cxd5 23. g5 Qd4 24. Rd1 Rfe8 25. Qg3 Re3 26. Rf3 Rbe8 27. f6 Rxf3 28. Qxf3 Kh8 1-0


[Site "https://www.chess.com"]

[Event "Titled Tuesday Blitz July 20 2021"]
[White "Janaszak, Dawid"]
[Black "Sinitsina, Anastassia"]
[WhiteFideId "1119206"]
[BlackFideId "4504640"]
[WhiteElo "2332"]
[BlackElo "2204"]
[Result "1/2-1/2"]
[Round "09"]
[TimeControl "180+1"]
[Date "2021.07.21"]
[WhiteClock "0:00:04"]
[BlackClock "0:00:04"]

1. e4 e5 2. Nc3 Nf6 3. d4 exd4 4. Qxd4 Nc6 5. Qd3 Bb4 6. Bd2 O-O 7. O-O-O Re8 8. Nge2 Be7 9. g4 Nxg4 10. Rg1 Nge5 11. Qg3 Bf8 12. Nd5 d6 13. Bg5 Qd7 14. f4 Ng6 15. f5 Rxe4 16. fxg6 hxg6 17. Nef4 Nb4 18. Nxb4 Rxb4 19. a3 Re4 20. Bd3 Re5 21. Nxg6 fxg6 22. Bc4+ Re6 23. Rge1 Qf7 24. Rf1 Qe8 25. Rde1 c6 26. Bxe6+ Bxe6 27. Qe3 Bf7 28. Qd3 Qd7 29. Re3 Re8 30. Ref3 Bd5 31. R3f2 Be4 32. Qb3+ d5 33. h4 Bc5 34. Re2 Qg4 35. Rfe1 Rf8 36. Qxb7 Rf7 37. Qa8+ Kh7 38. Qxc6 Bd4 39. c3 Be5 40. Qc5 Bf4+ 41. Bxf4 Qxf4+ 42. Qe3 Qxh4 43. Qd2 Qf6 44. Rh2+ Kg8 45. Rhe2 Rf8 46. Qe3 Qf5 47. Qd4 Qf4+ 48. Rd2 g5 49. Qe3 Qxe3 50. Rxe3 g4 51. Rg3 Bf3 52. b3 Kh7 53. c4 dxc4 54. bxc4 Rc8 55. Rc2 Kg6 56. Kd2 Kg5 57. Ke3 Re8+ 58. Kd4 Kf4 59. Rg1 Rd8+ 60. Kc3 g3 61. c5 g5 62. Kb4 Rb8+ 63. Ka5 g2 64. c6 Kg3 65. c7 Rc8 66. Ka6 Kh2 67. Rgc1 Kh3 68. Kxa7 Kh2 69. Rd2 g4 70. Rdc2 Rxc7+ 71. Rxc7 g1=Q+ 72. Rxg1 Kxg1 73. Rg7 Kh2 74. Kb6 Kg2 75. Kc5 g3 76. Kd4 Kf2 77. a4 g2 78. Rxg2+ Bxg2 79. a5 Ke2 80. a6 Kd2 81. a7 Kc2 82. a8=Q Bxa8 1/2-1/2


[Site "https://www.chess.com"]

[Event "Titled Tuesday Blitz July 20 2021"]
[White "Khusnutdinov, Rustam"]
[Black "Dardha, Daniel"]
[WhiteFideId "13701703"]
[BlackFideId "240990"]
[WhiteElo "2571"]
[BlackElo "2489"]
[Result "1-0"]
[Round "09"]
[TimeControl "180+1"]
[Date "2021.07.20"]
[WhiteClock "0:02:08"]
[BlackClock "0:02:01"]

1. e4 e5 2. Nf3 Nf6 3. Nxe5 d6 4. Nf3 Nxe4 5. Nc3 Nxc3 6. dxc3 Be7 7. Be3 O-O 8. Qd2 Nd7 9. O-O-O Nf6 10. Bd3 c5 11. Kb1 Be6 12. Rhe1 Qa5 13. c4 Qxd2 14. Bxd2 h6 15. Bc3 Rfe8 16. b3 Nd5 17. cxd5 Bxd5 18. Bh7+ Kxh7 19. Rxd5 Bf6 20. Rxe8 1-0


[Site "https://www.chess.com"]

[Event "Titled Tuesday Blitz July 20 2021"]
[White "Kobalia, Mikhail"]
[Black "Bortnyk, Olexandr"]
[WhiteFideId "4119150"]
[BlackFideId "14120828"]
[WhiteElo "2569"]
[BlackElo "2723"]
[Result "0-1"]
[Round "09"]
[TimeControl "180+1"]
[Date "2021.07.20"]
[WhiteClock "0:00:07"]
[BlackClock "0:00:31"]

1. e4 Nf6 2. e5 Nd5 3. d4 d6 4. c4 Nb6 5. f4 dxe5 6. fxe5 Bf5 7. Nc3 e6 8. Nf3 Bb4 9. Be2 c5 10. Be3 Nc6 11. dxc5 Qxd1+ 12. Kxd1 Rd8+ 13. Kc1 Nd7 14. Nb5 Bxc5 15. Nd6+ Ke7 16. Bg5+ f6 17. Nxf5+ exf5 18. exf6+ Nxf6 19. a3 h6 20. Bxf6+ Kxf6 21. b4 Be3+ 22. Kc2 g5 23. h3 g4 24. hxg4 fxg4 25. Raf1 Ke6 26. Re1 Bf2 27. Bd3+ Bxe1 28. Rxe1+ Kf6 29. Nh4 Kg5 30. g3 Rhe8 31. Rf1 Nd4+ 32. Kb2 Re3 33. Bb1 Rb3+ 34. Ka2 Rxg3 0-1


[Site "https://www.chess.com"]

[Event "Titled Tuesday Blitz July 20 2021"]
[White "Krallis, Christos"]
[Black "Guimaraes, Wagner Peixoto"]
[WhiteFideId "4298896"]
[BlackFideId "2100940"]
[WhiteElo "2193"]
[BlackElo "2245"]
[Result "1-0"]
[Round "09"]
[TimeControl "180+1"]
[Date "2021.07.21"]
[WhiteClock "0:00:33"]
[BlackClock "0:00:03"]

1. d4 Nf6 2. c4 g6 3. Nf3 Bg7 4. g3 O-O 5. Bg2 d6 6. O-O Nbd7 7. b3 c5 8. Bb2 a6 9. Nc3 Rb8 10. a4 b6 11. Qc2 Bb7 12. d5 Ng4 13. Nd1 Bxb2 14. Nxb2 b5 15. axb5 axb5 16. Nd3 bxc4 17. bxc4 Ngf6 18. Nf4 Ng4 19. Bh3 Nge5 20. Ng5 Nf6 21. Rfb1 Ra8 22. Rxa8 Qxa8 23. Qb2 Bc8 24. Bxc8 Rxc8 25. Ra1 Qb8 26. Qc2 Qb4 27. Rc1 h6 28. Nf3 Nxf3+ 29. exf3 Rb8 30. Qe2 Kf8 31. Re1 Rb7 32. h4 Qb2 33. Qe3 Qb3 34. Nd3 Qxc4 35. Qxh6+ Kg8 36. Nf4 Nxd5 37. Nxg6 fxg6 38. Qxg6+ Kf8 39. Qf5+ Kg7 40. Re6 Nf6 41. h5 Qc1+ 42. Kg2 Qh6 43. g4 Qh7 44. Qf4 Kf7 45. Re1 Kg7 46. Qg5+ Kf7 47. Qf4 Kg7 48. Kg3 Rb4 49. Rxe7+ Kf8 50. Qxf6+ 1-0


[Site "https://www.chess.com"]

[Event "Titled Tuesday Blitz July 20 2021"]
[White "Kretov, Evgenij"]
[Black "Jovic, Stanoje"]
[WhiteFideId "4167821"]
[BlackFideId "905020"]
[WhiteElo "2400"]
[BlackElo "2286"]
[Result "1/2-1/2"]
[Round "09"]
[TimeControl "180+1"]
[Date "2021.07.21"]
[WhiteClock "0:00:18"]
[BlackClock "0:00:13"]

1. d4 Nf6 2. c4 e6 3. Nc3 Bb4 4. Bg5 h6 5. Bh4 b6 6. e3 Bb7 7. Nf3 g5 8. Bg3 Ne4 9. Qc2 d6 10. Bd3 Bxc3+ 11. bxc3 f5 12. d5 Nd7 13. dxe6 Ndc5 14. Nd4 Qf6 15. f3 Nxg3 16. hxg3 Nxd3+ 17. Qxd3 O-O 18. Kf2 Rae8 19. Rh5 c5 20. Nb5 Rxe6 21. Rah1 Qg7 22. a4 a6 23. Na3 Bc6 24. Rb1 Qc7 25. a5 bxa5 26. Rbh1 Kg7 27. f4 Be4 28. Qd1 g4 29. Qd2 Rb8 30. Ra1 Qc6 31. Kg1 Re7 32. Rh1 Reb7 33. Ra2 Rb3 34. Kh2 h5 35. Rha1 Rh8 36. Nc2 h4 37. gxh4 Rxh4+ 38. Kg3 Rh6 39. Rxa5 Rb6 40. Ne1 Qc7 41. Rxa6 Rxa6 42. Rxa6 Qd8 43. Kf2 g3+ 44. Ke2 Qg8 45. Rxd6 Qxc4+ 46. Kd1 Rxd6 47. Qxd6 Qf1 48. Qe7+ Kg6 49. Qe6+ Kg7 50. Qe7+ Kg6 51. Qe6+ Kg7 52. Qe7+ 1/2-1/2


[Site "https://www.chess.com"]

[Event "Titled Tuesday Blitz July 20 2021"]
[White "Krishnakumar, Sriram"]
[Black "Orantes Taboada, Francisco"]
[WhiteFideId "30915856"]
[BlackFideId "22274758"]
[WhiteElo "2218"]
[BlackElo "2073"]
[Result "0-1"]
[Round "09"]
[TimeControl "180+1"]
[Date "2021.07.21"]
[WhiteClock "0:00:14"]
[BlackClock "0:00:23"]

1. e4 c5 2. Nf3 Nc6 3. Bb5 a6 4. Be2 g6 5. O-O Bg7 6. c3 d6 7. d4 cxd4 8. cxd4 Nf6 9. Nc3 O-O 10. h3 b5 11. a3 Bb7 12. Bf4 Rc8 13. e5 dxe5 14. dxe5 Nh5 15. Bh2 Bh8 16. Qxd8 Rfxd8 17. Rfd1 Na5 18. g4 Ng7 19. Nd4 Ne8 20. f4 Nc7 21. Rac1 Nd5 22. Nxd5 Rxd5 23. Rxc8+ Bxc8 24. Bf3 Rd7 25. Kg2 Bb7 26. Bxb7 Nxb7 27. Bg1 g5 28. Kf3 gxf4 29. Kxf4 Nc5 30. Be3 Rd5 31. e6 Nxe6+ 32. Ke4 Re5+ 33. Kf3 Rxe3+ 34. Kxe3 Bxd4+ 35. Ke4 Bxb2 36. h4 Bxa3 37. Ra1 Bd6 38. Kd5 b4 39. Kc6 b3 40. Rxa6 Kg7 41. Rb6 Kf6 42. Kd5 Nc5 43. g5+ Kg6 44. Kd4 Kh5 45. Rb5 Kxh4 46. Ke3 Kxg5 47. Kf3 h5 48. Kg2 h4 49. Kf2 Kg4 50. Kg2 h3+ 51. Kf2 b2 52. Kg1 Kg3 53. Rxb2 Bf4 54. Ra2 Ne4 55. Ra3+ Kg4 56. Kh1 Nf2+ 57. Kg1 h2+ 58. Kxf2 h1=Q 59. Ra4 Qh2+ 60. Kf1 Qh3+ 61. Kg1 Qg3+ 62. Kf1 Qf3+ 63. Kg1 Qe3+ 64. Kf1 Qc1+ 65. Kg2 Qc2+ 66. Kg1 Qxa4 67. Kg2 e5 68. Kg1 e4 69. Kg2 e3 70. Kg1 e2 71. Kg2 Qa8+ 72. Kg1 Qa7+ 73. Kg2 Qb7+ 74. Kg1 Qb6+ 75. Kg2 Qc6+ 76. Kg1 Qc5+ 77. Kg2 Qd5+ 78. Kg1 Qd4+ 79. Kg2 Qe4+ 80. Kg1 Qe3+ 81. Kg2 Qg3+ 82. Kh1 e1=Q# 0-1


[Site "https://www.chess.com"]

[Event "Titled Tuesday Blitz July 20 2021"]
[White "Krivonosov, Oleg"]
[Black "Rustemov, Alexander"]
[WhiteFideId "11600349"]
[BlackFideId "4119002"]
[WhiteElo "2469"]
[BlackElo "2844"]
[Result "1/2-1/2"]
[Round "09"]
[TimeControl "180+1"]
[Date "2021.07.20"]
[WhiteClock "0:00:33"]
[BlackClock "0:01:06"]

1. Nf3 d5 2. d4 Nf6 3. c4 dxc4 4. e3 e6 5. Bxc4 a6 6. O-O b5 7. Be2 Bb7 8. a4 c6 9. b3 Nbd7 10. Ba3 b4 11. Bb2 c5 12. Nbd2 Be7 13. Nc4 O-O 14. Nfe5 cxd4 15. Nxd7 Nxd7 16. Bxd4 Bf6 17. Bxf6 Nxf6 18. Bf3 Bxf3 19. Qxf3 Qd3 20. Rab1 Nd5 21. Rfd1 Qc3 22. Rdc1 Qf6 23. Qxf6 gxf6 24. Rc2 Nc3 25. Rbb2 Rac8 26. g3 Rfd8 27. Kg2 Rc5 28. Rd2 Rdc8 29. Rd7 a5 30. Rbd2 Rxc4 31. bxc4 Rxc4 32. Ra7 1/2-1/2


[Site "https://www.chess.com"]

[Event "Titled Tuesday Blitz July 20 2021"]
[White "Kubatko, Ivan"]
[Black "Khalafova, Narmin"]
[WhiteFideId "24111473"]
[BlackFideId "13402625"]
[WhiteElo "2285"]
[BlackElo "2109"]
[Result "0-1"]
[Round "09"]
[TimeControl "180+1"]
[Date "2021.07.21"]
[WhiteClock "0:00:01"]
[BlackClock "0:00:07"]

1. e4 c5 2. Nc3 d6 3. f4 g6 4. d4 Nd7 5. dxc5 Nxc5 6. Qd4 Nf6 7. e5 Ne6 8. Bb5+ Nd7 9. Qa4 Bg7 10. exd6 O-O 11. Nf3 exd6 12. Be3 a6 13. O-O Ndc5 14. Qa3 b6 15. Bc6 Rb8 16. Rad1 b5 17. Nd5 a5 18. c3 b4 19. cxb4 axb4 20. Nxb4 Qb6 21. Nd5 Qxb2 22. Qxb2 Rxb2 23. Ne7+ Kh8 24. a4 Ba6 25. Rfe1 Nd3 26. Rf1 Ndxf4 27. Rf2 Ne2+ 28. Kh1 Rb3 29. Bd2 h5 30. Re1 N2d4 31. Bd5 Nxf3 32. Bxb3 Nxe1 33. Bxe1 Nd4 34. Bd5 Kh7 35. g3 Be5 0-1


[Site "https://www.chess.com"]

[Event "Titled Tuesday Blitz July 20 2021"]
[White "Kukhmazov, Arsen"]
[Black "Bartel, Michal"]
[WhiteFideId "24108260"]
[BlackFideId "1119257"]
[WhiteElo "2453"]
[BlackElo "2271"]
[Result "1-0"]
[Round "09"]
[TimeControl "180+1"]
[Date "2021.07.20"]
[WhiteClock "0:00:07"]
[BlackClock "0:01:35"]

1. d4 Nf6 2. c4 c5 3. d5 e6 4. Nc3 exd5 5. cxd5 d6 6. Nf3 g6 7. Bf4 a6 8. e4 Nh5 9. Bg5 Be7 10. Bh6 Bf8 11. Qd2 Bg4 12. Be2 Bxf3 13. Bxf3 Nf6 14. O-O Nbd7 15. Rae1 Bxh6 16. Qxh6 Qe7 17. Bd1 Ne5 18. f4 Nd3 19. Re3 Nxb2 20. Be2 b5 21. e5 Nd7 22. Rb1 Na4 23. Nxa4 bxa4 24. Rb7 dxe5 25. Rxe5 Qxe5 26. fxe5 Nxe5 27. Qg7 O-O-O 28. Bxa6 Rhe8 29. Re7+ Kb8 30. Qxe5+ 1-0


[Site "https://www.chess.com"]

[Event "Titled Tuesday Blitz July 20 2021"]
[White "LEGENYA1998"]
[Black "Wagner, Dinara"]
[BlackFideId "24157570"]
[WhiteElo "2414"]
[BlackElo "2260"]
[Result "0-1"]
[Round "09"]
[TimeControl "180+1"]
[Date "2021.07.21"]
[WhiteClock "0:00:27"]
[BlackClock "0:01:31"]

1. d4 Nf6 2. Nf3 d5 3. Bf4 c5 4. dxc5 e6 5. e3 Bxc5 6. Be2 Nc6 7. O-O O-O 8. h3 Qe7 9. Bg5 h6 10. Bxf6 Qxf6 11. c3 b6 12. Nbd2 Bb7 13. e4 Rad8 14. Qc2 d4 15. e5 Nxe5 16. Ne4 Nxf3+ 17. Bxf3 Qe7 18. cxd4 Bxd4 19. Rad1 Be5 20. Rxd8 Rxd8 21. Rd1 Rc8 22. Qa4 Bc6 23. Qa6 Rf8 24. Nf6+ Qxf6 25. Bxc6 Bxb2 26. Qxa7 Bd4 27. Rd2 Rd8 28. Qa4 Qf4 29. Qd1 Bxf2+ 30. Rxf2 Rxd1+ 0-1


[Site "https://www.chess.com"]

[Event "Titled Tuesday Blitz July 20 2021"]
[White "Le, Tuan Minh"]
[Black "Onyshchuk, Volodymyr"]
[WhiteFideId "12401153"]
[BlackFideId "14114038"]
[WhiteElo "2450"]
[BlackElo "2603"]
[Result "1-0"]
[Round "09"]
[TimeControl "180+1"]
[Date "2021.07.20"]
[WhiteClock "0:00:58"]
[BlackClock "0:00:16"]

1. d4 d6 2. e4 Nf6 3. Nc3 g6 4. Nf3 Bg7 5. Bc4 O-O 6. O-O c6 7. a4 d5 8. Bd3 dxe4 9. Nxe4 Nxe4 10. Bxe4 Nd7 11. c3 Nf6 12. Bc2 Be6 13. Re1 Bd5 14. h3 Ne8 15. Ne5 Nd6 16. Bf4 f6 17. Nd3 Re8 18. Nc5 Qc8 19. Bb3 Nc4 20. Qe2 b6 21. Ne6 Nd6 22. Bxd5 cxd5 23. Bxd6 exd6 24. Qb5 Qb7 25. Nc7 Rxe1+ 26. Rxe1 a6 27. Qd7 Rf8 28. Re7 1-0


[Site "https://www.chess.com"]

[Event "Titled Tuesday Blitz July 20 2021"]
[White "Ljukin, Sergei"]
[Black "Przybylski, Wojciech"]
[WhiteFideId "14102200"]
[BlackFideId "1117599"]
[WhiteElo "2309"]
[BlackElo "2317"]
[Result "0-1"]
[Round "09"]
[TimeControl "180+1"]
[Date "2021.07.21"]
[WhiteClock "0:00:01"]
[BlackClock "0:00:04"]

1. e4 c5 2. Nf3 d6 3. d4 cxd4 4. Nxd4 Nf6 5. Nc3 a6 6. Bg5 e6 7. f4 h6 8. Bh4 Qb6 9. a3 Be7 10. Bf2 Qc7 11. Qe2 Nc6 12. O-O-O e5 13. fxe5 dxe5 14. Nf3 O-O 15. Nd5 Qd6 16. Nb6 Qe6 17. Nxa8 Qa2 18. c4 Na5 19. Nb6 Nb3+ 20. Kc2 Bxa3 21. Rb1 Bg4 22. Qd3 Na1+ 23. Kd1 Bb4 24. Be2 Nh5 25. g3 Be7 26. Nd5 Bd6 27. Rf1 Rd8 28. Rxa1 Qxa1+ 29. Kc2 Qa4+ 30. Qb3 Qc6 31. Rd1 f5 32. Bd3 fxe4 33. Bxe4 Kh8 34. Nf6 Qc8 35. Nxh5 Bxh5 36. Rd5 Bf7 37. Qd3 Bxd5 38. Bxd5 Be7 39. Nxe5 Rxd5 40. Qxd5 Qf5+ 41. Kb3 Qxf2 42. Ng6+ Kh7 43. Nxe7 Qe3+ 44. Ka2 Qxe7 45. c5 Qc7 46. Qd6 Qa5+ 47. Kb3 Qb5+ 48. Kc3 a5 0-1


[Site "https://www.chess.com"]

[Event "Titled Tuesday Blitz July 20 2021"]
[White "Luo, Terry"]
[Black "LuckSlayeer"]
[WhiteFideId "30931045"]
[WhiteElo "2024"]
[BlackElo "2560"]
[Result "1/2-1/2"]
[Round "09"]
[TimeControl "180+1"]
[Date "2021.07.21"]
[WhiteClock "0:00:17"]
[BlackClock "0:00:03"]

1. d4 Nf6 2. c4 e6 3. g3 d5 4. Nf3 dxc4 5. Bg2 a6 6. O-O Nc6 7. e3 Rb8 8. Nfd2 e5 9. Bxc6+ bxc6 10. dxe5 Ng4 11. Nxc4 Be6 12. Nbd2 h5 13. b3 Bb4 14. Ba3 Bxa3 15. Nxa3 Nxe5 16. Nac4 Nxc4 17. Nxc4 Qf6 18. Qd4 Qxd4 19. exd4 Rb4 20. Rac1 h4 21. f3 hxg3 22. hxg3 Rh5 23. Rfe1 Rd5 24. Re4 Kf8 25. Kf2 c5 26. dxc5 Rxc5 27. Ke3 a5 28. Kd2 Bxc4 29. Rexc4 Rbxc4 30. Rxc4 Rxc4 31. bxc4 Ke7 32. Kc3 Kd6 33. Kd4 c5+ 34. Ke4 Ke6 35. a4 f6 36. g4 g6 37. f4 f5+ 38. Kf3 fxg4+ 39. Kxg4 Kf6 40. Kg3 Ke6 41. Kf3 Kf5 42. Ke3 Kf6 43. Ke4 Ke6 44. Kf3 Kf5 45. Ke3 Kf6 46. Kf3 Kf5 1/2-1/2


[Site "https://www.chess.com"]

[Event "Titled Tuesday Blitz July 20 2021"]
[White "Madaminov, Mukhiddin"]
[Black "Triapishko, Alexandr"]
[WhiteFideId "14210703"]
[BlackFideId "14122286"]
[WhiteElo "1747"]
[BlackElo "2490"]
[Result "0-1"]
[Round "09"]
[TimeControl "180+1"]
[Date "2021.07.20"]
[WhiteClock "0:00:01"]
[BlackClock "0:00:11"]

1. e4 c5 2. Nf3 Nc6 3. Bb5 e5 4. O-O Nge7 5. c3 g6 6. d4 cxd4 7. cxd4 exd4 8. Nxd4 Bg7 9. Be3 O-O 10. Nc3 d5 11. exd5 Nb4 12. d6 Ned5 13. Nxd5 Nxd5 14. Nc2 Qxd6 15. Bc4 Rd8 16. Bd4 Nf4 17. Bxg7 Kxg7 18. Qxd6 Rxd6 19. Rad1 Rc6 20. Ne3 Rc7 21. Rd8 b6 22. g3 Nh3+ 23. Kg2 Bb7+ 24. Kxh3 Rxd8 25. b3 Bf3 26. g4 h5 27. g5 Rd4 28. Kg3 Bb7 29. h4 Re7 30. Re1 Ree4 31. f3 Re5 32. a4 a6 33. Nc2 Rxe1 34. Nxd4 Rd1 35. Ne2 Bc6 36. Bxa6 Rd2 37. Bc4 Kf8 38. Kf4 Ke7 39. Nc3 Rd4+ 40. Kg3 Rd8 41. Ne2 Bd5 42. Nd4 Kd6 43. Nb5+ Kc5 44. Bxd5 Rxd5 45. Kf4 Rd3 46. Nc7 Rxb3 47. Ne8 Kd5 48. Nf6+ Ke6 49. Nh7 Rb4+ 0-1


[Site "https://www.chess.com"]

[Event "Titled Tuesday Blitz July 20 2021"]
[White "Maltsevskaya, Aleksandra"]
[Black "Chen, Max"]
[WhiteFideId "24174041"]
[BlackFideId "2622440"]
[WhiteElo "2225"]
[BlackElo "2450"]
[Result "1-0"]
[Round "09"]
[TimeControl "180+1"]
[Date "2021.07.21"]
[WhiteClock "0:00:03"]
[BlackClock "0:00:01"]

1. e4 c5 2. Nf3 d6 3. d4 cxd4 4. Nxd4 Nf6 5. Nc3 a6 6. h3 e5 7. Nde2 Be6 8. g4 Be7 9. Bg2 O-O 10. O-O b5 11. Nd5 Bxd5 12. exd5 Nbd7 13. a4 Nb6 14. a5 Nc4 15. Qe1 e4 16. Nc3 Re8 17. b3 Nxa5 18. Bb2 Bf8 19. g5 Nh5 20. Qe3 Nb7 21. b4 f5 22. h4 g6 23. Ne2 Qc7 24. Nd4 Qc4 25. Ne6 Qxd5 26. Nxf8 Kxf8 27. Rfd1 Qe6 28. Qc3 Kf7 29. f3 Rec8 30. Qd4 Rxc2 31. fxe4 Rxg2+ 32. Kxg2 Qxe4+ 33. Qxe4 fxe4 34. Rd4 Nf4+ 35. Kf1 Nd3 36. Bc1 Rc8 37. Be3 Rc4 38. Ke2 Ke6 39. Rf1 Rxd4 40. Bxd4 Kd5 41. Ke3 Kc4 42. Kxe4 d5+ 43. Ke3 1-0


[Site "https://www.chess.com"]

[Event "Titled Tuesday Blitz July 20 2021"]
[White "Manukian, Artak"]
[Black "Costachi, Mihnea"]
[WhiteFideId "13301373"]
[BlackFideId "1217518"]
[WhiteElo "2356"]
[BlackElo "2482"]
[Result "0-1"]
[Round "09"]
[TimeControl "180+1"]
[Date "2021.07.21"]
[WhiteClock "0:01:11"]
[BlackClock "0:02:03"]

1. e4 e5 2. Nf3 Nf6 3. d4 Nxe4 4. Nxe5 d6 5. Nc4 d5 6. Ne3 c6 7. Bd3 Bd6 8. O-O O-O 9. Nd2 f5 10. f4 Nxd2 11. Bxd2 g6 12. c4 dxc4 13. Nxc4 Be6 14. Re1 Bf7 15. Ne5 Bxe5 16. fxe5 Qxd4+ 17. Be3 Qxe5 18. Bxa7 Qxb2 19. Bc5 Rd8 20. Qe2 Qxe2 21. Bxe2 Rxa2 22. Rxa2 Bxa2 23. Ra1 Bf7 24. Ra8 Re8 25. Kf2 Nd7 26. Rxe8+ Bxe8 27. Bd6 Bf7 28. Ke3 Bd5 29. g4 Kf7 30. gxf5 gxf5 31. Kd4 Ke6 32. Ba3 b6 33. Ke3 c5 34. Kf4 Nf6 35. Bb2 Ne4 36. Ba6 Nd6 37. Be5 Bc4 38. Bxd6 Bxa6 39. Bf8 Bd3 40. h4 Kd5 41. Kg5 b5 42. h5 b4 43. Bg7 c4 44. Kf4 c3 45. Ke3 Kc4 0-1


[Site "https://www.chess.com"]

[Event "Titled Tuesday Blitz July 20 2021"]
[White "Manzone, Alessandro"]
[Black "Silich, Yahor"]
[WhiteFideId "112488"]
[BlackFideId "13513656"]
[WhiteElo "2327"]
[BlackElo "2142"]
[Result "0-1"]
[Round "09"]
[TimeControl "180+1"]
[Date "2021.07.21"]
[WhiteClock "0:00:11"]
[BlackClock "0:00:05"]

1. d4 Nf6 2. c4 g6 3. Nc3 Bg7 4. Nf3 d6 5. g3 O-O 6. Bg2 Nbd7 7. O-O e5 8. e4 exd4 9. Nxd4 Re8 10. h3 Nc5 11. Re1 Bd7 12. Kh2 h6 13. Rb1 a5 14. b3 c6 15. Bf4 Qc7 16. Nc2 Re6 17. Nd4 Ree8 18. Qc2 Ng4+ 19. hxg4 Bxd4 20. Rbd1 Be5 21. Bxh6 Bxg4 22. f3 Bd7 23. f4 Bh8 24. Qd2 Bg4 25. Rc1 f6 26. Rh1 Ne6 27. Kg1 Qb6+ 28. Qf2 Qxf2+ 29. Kxf2 Rad8 30. f5 gxf5 31. Bh3 Bxh3 32. Rxh3 Nc5 33. exf5 Nd3+ 34. Kf3 Nxc1 35. Ne4 Nd3 36. Bf4 Ne5+ 37. Kg2 d5 38. Nc5 d4 39. Ne6 Rd6 40. Rh6 Bg7 41. Rh1 d3 42. Bd2 Kf7 43. Re1 Rdxe6 44. fxe6+ Rxe6 45. Re4 Kg6 46. g4 Bh6 47. Bc3 d2 48. Rd4 c5 49. Rd5 Re7 50. Bxd2 Rd7 51. g5 Rxd5 52. cxd5 Bxg5 53. Bc3 Kf5 54. Kf2 Ke4 55. d6 Nd7 56. Bxa5 Bf4 57. Bc7 Kd5 58. Kf3 Bxd6 59. Bd8 f5 60. Ke3 Nf8 61. Bf6 Ne6 62. Kd3 b5 63. a4 c4+ 64. Kc3 bxa4 65. bxa4 f4 66. a5 f3 67. Bh4 Bc5 68. a6 f2 0-1


[Site "https://www.chess.com"]

[Event "Titled Tuesday Blitz July 20 2021"]
[White "Martins, Igor Carvalho Ribeiro"]
[Black "Pinheiro, Iung Alicio de O."]
[WhiteFideId "2162962"]
[BlackFideId "2104350"]
[WhiteElo "2528"]
[BlackElo "2610"]
[Result "1/2-1/2"]
[Round "09"]
[TimeControl "180+1"]
[Date "2021.07.21"]
[WhiteClock "0:00:38"]
[BlackClock "0:00:50"]

1. Nf3 c5 2. c4 g6 3. d4 cxd4 4. Nxd4 Nc6 5. e4 Nf6 6. Nc3 d6 7. Be2 Nxd4 8. Qxd4 Bg7 9. Be3 O-O 10. Qd2 a5 11. O-O a4 12. f3 Qa5 13. Rac1 Be6 14. Nd5 Qxd2 15. Nxe7+ Kh8 16. Bxd2 Rfe8 17. Nd5 Nxd5 18. cxd5 Bxd5 19. Bb5 Bc6 20. Rxc6 bxc6 21. Bxc6 Bxb2 22. Rd1 Bd4+ 23. Kf1 Rec8 24. Bxa8 Rxa8 25. Bb4 Be5 26. Bxd6 Bxd6 27. Rxd6 Rb8 28. Ke2 Kg7 29. Rd4 Rb2+ 30. Rd2 Rb1 31. Kd3 a3 32. Ke3 Rb2 33. Kd3 Rb1 34. Ke3 Rb2 35. Kd3 Rb1 1/2-1/2


[Site "https://www.chess.com"]

[Event "Titled Tuesday Blitz July 20 2021"]
[White "Melikhov, Evgeny V."]
[Black "Shevelev, Dmitri"]
[WhiteFideId "4122046"]
[BlackFideId "2802627"]
[WhiteElo "1965"]
[BlackElo "2262"]
[Result "1-0"]
[Round "09"]
[TimeControl "180+1"]
[Date "2021.07.21"]
[WhiteClock "0:00:21"]
[BlackClock "0:00:12"]

1. d4 g6 2. c4 Bg7 3. Nc3 c5 4. d5 Nf6 5. e4 d6 6. h3 O-O 7. Nf3 b5 8. cxb5 a6 9. b6 Qxb6 10. a4 Re8 11. a5 Qb4 12. Ra4 Qb7 13. Be2 Bd7 14. Ra3 Bb5 15. O-O Nbd7 16. Re1 Reb8 17. Nd2 Ne8 18. Rb3 Qc7 19. Nxb5 axb5 20. Rxb5 Rxa5 21. Rxb8 Qxb8 22. Qb3 Ra1 23. Qxb8 Nxb8 24. Nb3 Ra7 25. Bd2 Rb7 26. Bc4 Bxb2 27. Na5 Ra7 28. Rb1 Nd7 29. Rxb2 Ne5 30. Be2 f5 31. exf5 gxf5 32. Rb7 Rxb7 33. Nxb7 Nf6 34. f4 Ng6 35. g3 Nxd5 36. Bc4 e6 37. Nxd6 Nge7 38. Ba5 Kg7 39. Bd8 Ne3 40. Bxe6 Nc6 41. Bb6 Nd4 42. Bxc5 Nxe6 43. Bxe3 h5 44. Kg2 Kf6 45. Kf3 Ng7 46. Bd4+ Kg6 47. Bxg7 Kxg7 48. Nxf5+ Kf6 49. g4 h4 50. Ke4 Kf7 51. g5 Kg6 52. Nxh4+ Kh5 53. Nf3 Kg6 54. f5+ Kh5 55. f6 Kg6 56. Ke5 Kh5 57. f7 Kg6 58. f8=Q Kh5 59. Qh6# 1-0


[Site "https://www.chess.com"]